 Dungeon Crawl Stone Soup version 0.31-a0-1447-g87ca8d402b (webtiles) character file.

Game seed: 17650996732975147155

1502 DWTD the Cleaver (level 8, -3/106 HPs)
             Began as a Minotaur Berserker on Dec 27, 2023.
             Was a Believer of Trog.
             Slain by a gnoll sergeant
             ... wielding a +0 spear
              (6 damage)
             ... on level 6 of the Dungeon.
             The game lasted 00:07:59 (4510 turns).

DWTD the Cleaver (Minotaur Berserker)               Turns: 4510, Time: 00:07:59

Health: -3/106     AC: 11    Str: 25    XL:     8   Next: 52%
Magic:  7/7        EV: 12    Int:  4    God:    Trog [**....]
Gold:   317        SH:  0    Dex:  9    Spells: 7/7 levels left

rFire   . . .        a - +1 hand axe
rCold   . . .        (no shield)
rNeg    . . .        q - +0 ring mail
rPois   +            (helmet restricted)
rElec   .            (no cloak)
rCorr   .            g - +1 pair of gloves
SInv    .            u - +2 pair of boots
Will    .....        (no amulet) Stlth
                     k - ring of flight
HPRegen 0.37/turn    t - ring of poison resistance
MPRegen 0.10/turn

%: no passive effects
@: berserking, flying, very quick
A: horns 2, retaliatory headbutt
a: Renounce Religion, Berserk, Trog's Hand


You were on level 6 of the Dungeon.
You worshipped Trog.
Trog was pleased with you.
You visited 1 branch of the dungeon, and saw 6 of its levels.

You collected 317 gold pieces.

Inventory:

Hand Weapons
 a - a +1 hand axe (weapon)
Missiles
 i - 46 stones
Armour
 b - a +0 animal skin
 g - a +1 pair of gloves (worn)
 q - a +0 ring mail (worn)
 u - a +2 pair of boots (worn)
Jewellery
 k - a ring of flight (left hand)
 t - a ring of poison resistance (right hand)
 v - an amulet of magic regeneration
Wands
 w - a wand of mindburst (5)
 x - a wand of charming (3)
 z - a wand of flame (18)
Scrolls
 j - 2 scrolls of amnesia
 o - a scroll of immolation
Potions
 c - 2 potions of lignification
 d - a potion of enlightenment
 e - 2 potions of might
 f - a potion of magic
 h - a potion of heal wounds
 l - 2 potions of curing
 m - 2 potions of attraction {unknown}
 n - a potion of brilliance {unknown}


   Skills:
 + Level 6.5 Fighting
 + Level 10.0 Axes
 + Level 5.8 Armour
 + Level 4.4 Dodging


You had 7 spell levels left.
You didn't know any spells.
Your spell library was empty.

Dungeon Overview and Level Annotations

Branches:
Dungeon (6/15)
 Temple: D:4-7

Altars:
Zin


Innate Abilities, Weirdness & Mutations

You have a pair of horns on your head.
You reflexively headbutt those who attack you in melee.


Message History

You closely miss the ice beast. You headbutt the ice beast.
You kill the ice beast!
Trog accepts your kill.
You hit the gnoll. You hit the gnoll sergeant.
The gnoll sergeant hits you with a +0 spear!
* * * LOW HITPOINT WARNING * * *
The gnoll barely misses you. You furiously retaliate!
You headbutt the gnoll!
You kill the gnoll!
Trog accepts your kill.
The gnoll hits you from afar with a +0 spear!
* * * LOW HITPOINT WARNING * * *
Your Axes skill increases to level 10!
You are too injured to fight recklessly!
The gnoll hits you with a +0 halberd!
* * * LOW HITPOINT WARNING * * *
The gnoll barely misses you.
The gnoll sergeant hits you with a +0 spear.
* * * LOW HITPOINT WARNING * * *
You closely miss the gnoll. You hit the gnoll.
You barely miss the gnoll sergeant. You slash the gnoll!
The gnoll closely misses you. You furiously retaliate!
You headbutt the gnoll!
You kill the gnoll!
Trog accepts your kill.
Unknown command.
You are too injured to fight recklessly!
The gnoll hits you with a +0 halberd!
* * * LOW HITPOINT WARNING * * *
The gnoll barely misses you.
The gnoll sergeant hits you but does no damage.
Things that are here:
a +0 spear; a gnoll corpse You are too injured to fight recklessly!
You slash the gnoll!
You kill the gnoll!
Trog accepts your kill.
You slash the gnoll!
You kill the gnoll!
Trog accepts your kill.
The gnoll sergeant hits you from afar with a +0 spear.
You die...

########
#.....)##########
#..>..g'.........
#....).#)........
.####....)@#.......##
........<..#.......#
...........##+######
...............
................
................
..............[.
##......##+#....
#.)....# ....


You could see a gnoll sergeant.

Vanquished Creatures
  The ghost of Chqr the Ruffian, an amateur TrFi of Xom (D:4)
  An orc warrior (D:5)
  2 ice beasts
  An ogre (D:4)
  A centaur (D:5)
  A phantom (D:5)
  A scorpion (D:4)
  A wyvern skeleton (D:4)
  A wyvern zombie (D:4)
  A bombardier beetle (D:5)
  A jelly (D:4)
  An orc priest (D:3)
  A centaur skeleton (D:4)
  4 hounds
  An iguana (D:5)
  2 orc wizards (D:3)
  9 gnolls
  6 adders
  A shadow imp (D:5)
  2 white imps (D:5)
  2 ufetubi (D:5)
  2 dart slugs
  16 orcs
  6 endoplasms
  7 goblins
  8 hobgoblins
  7 jackals
  8 kobolds
  7 ball pythons
  A bat (D:3)
  2 frilled lizards (D:2)
  4 rats
109 creatures vanquished.

Notes
Turn   | Place    | Note
-------+----------+-------------------------------------------
     0 | D:1      | DWTD the Minotaur Berserker began the quest for the Orb.
     0 | D:1      | Reached XP level 1. HP: 19/19 MP: 0/0
   457 | D:1      | Reached skill level 4 in Axes
   457 | D:1      | Reached XP level 2. HP: 24/27 MP: 1/1
   980 | D:2      | Reached XP level 3. HP: 24/33 MP: 2/2
  1414 | D:2      | Reached ** piety under Trog
  1536 | D:3      | Reached skill level 5 in Axes
  1536 | D:3      | Reached XP level 4. HP: 41/41 MP: 3/3
  2116 | D:3      | Reached XP level 5. HP: 47/47 MP: 4/4
  2295 | D:4      | Reached skill level 6 in Axes
  2322 | D:4      | Reached skill level 5 in Fighting
  2322 | D:4      | Reached XP level 6. HP: 29/56 MP: 5/5
  2586 | D:4      | Reached skill level 7 in Axes
  2631 | D:4      | Noticed an ice beast
  2639 | D:4      | Killed an ice beast
  2789 | D:4      | Reached XP level 7. HP: 61/61 MP: 6/6
  2860 | D:4      | Found a transporter.
  2860 | D:4      | Noticed Chqr's ghost (amateur TrFi)
  2894 | D:4      | Found a transporter.
  3244 | D:4      | Killed Chqr's ghost
  3245 | D:4      | Reached skill level 8 in Axes
  3311 | D:5      | Entered Level 5 of the Dungeon
  3372 | D:5      | Reached skill level 9 in Axes
  3372 | D:5      | Reached XP level 8. HP: 48/70 MP: 7/7
  3678 | D:5      | Reached skill level 5 in Armour
  3743 | D:5      | Identified the +1 short sword of Goiweic {holy, rCorr
                  | Str+5}
  4022 | D:5      | Found a glowing silver altar of Zin.
  4506 | D:6      | Reached skill level 10 in Axes
  4508 | D:6      | HP: 3/106 [gnoll/+0 halberd[a gnoll sergeant] (10)]
  4510 | D:6      | Slain by a gnoll sergeant

Illustrated notes

Levels and vault maps discovered:
D:1:      tarquinn_simple_flora_water_d, layout_basic, hex_tiny, minmay_unequal
D:2:      layout_basic, glass_columns_c
D:3:      layout_loops_cross
D:4:      layout_basic, gammafunk_ghost_mausoleum
D:5:      layout_basic, amcnicky_altar_gilded, nicolae_kite_square_tiling_tiny
D:6:      layout_gridville

Skill      XL: |  1  2  3  4  5  6  7  8 |
---------------+-------------------------+-----
Axes           | 4 5 6 7 9 10 | 10.0
Fighting       | 4 5 6 |  6.5
Dodging        | 3 4 |  4.4
Armour         | 3 4 5 |  5.8

Action                     |  1- 3 |  4- 6 |  7- 9 || total
---------------------------+-------+-------+-------++-------
  Melee: Hand axe          |    77 |    84 |   100 ||   261
         Headbutt          |     8 |    14 |    18 ||    40
         Punch             |       |     1 |       ||     1
 Invoke: Berserk           |     1 |     4 |     3 ||     8
         Trog's Hand       |       |     1 |       ||     1
  Evoke: Wand              |       |       |     1 ||     1
    Use: Scroll            |     6 |       |     7 ||    13
         Potion            |     3 |       |       ||     3
 Armour: Animal skin       |    43 |     2 |       ||    45
         Ring mail         |       |    47 |    87 ||   134
  Dodge: Dodged            |    41 |    39 |    57 ||   137

Table legend: (Time is in decaauts)
 A = Elapsed time spent in this place.
 B = Non-inter-level travel time spent in this place.
 C = Inter-level travel time spent in this place.
 D = Time resting spent in this place.
 E = Time spent auto-exploring this place.
 F = Levels seen in this place.
 G = Mean time per level.
                   A        B        C        D        E       F      G
               +--------+--------+--------+--------+--------+-----+--------+
         Total |   4545 |   4358 |    187 |    574 |   3074 |   6 |  757.5 |
       Dungeon |   4545 |   4358 |    187 |    574 |   3074 |   6 |  757.5 |
               +--------+--------+--------+--------+--------+-----+--------+

Top non-repeatable levels by time:
     D:5: 1167 daAuts
     D:4: 1081 daAuts
     D:1: 793 daAuts
     D:3: 781 daAuts
     D:2: 703 daAuts
     D:6: 18 daAuts
